 Dungeon Crawl Stone Soup version 0.28-b1-38-gff268fdeb9 (webtiles) character file.

Game seed: 8537476497730235140

53 Hantington the Ruffian (level 3, -1/33 HPs)
             Began as a Ghoul Monk on Feb 3, 2022.
             Slain by an adder (4 damage)
             ... on level 2 of the Dungeon.
             The game lasted 00:05:47 (1680 turns).

Hantington the Ruffian (Ghoul Monk)                 Turns: 1680, Time: 00:05:47

Health: -1/33      AC:  2    Str: 14    XL:     3   Next: 89%
Magic:  2/2        EV: 12    Int:  7    God:
Gold:   66         SH:  0    Dex: 11    Spells: 2/2 levels left

rFire   . . .      SeeInvis .     - Unarmed
rCold   + . .      Faith    .   (no shield)
rNeg    + + +      Spirit   .   a - +0 robe
rPois   ∞          Reflect  .   (no helmet)
rElec   .          Harm     .   (no cloak)
rCorr   .          Rampage  .   (no gloves)
Will    .....                   (no boots)
Stlth   ++........              (no amulet)
HPRegen 0.00/turn               (no ring)
MPRegen 0.08/turn               (no ring)

@: inhibited regen
A: claws 1, cold resistance 1, negative energy resistance 3, inhibited
regeneration, torment resistance 2
a: no special abilities


You were on level 2 of the Dungeon.
You visited 1 branch of the dungeon, and saw 2 of its levels.

You collected 66 gold pieces.

Inventory:

Armour
 a - a +0 robe (worn)
Wands
 i - a wand of mindburst (5)
Scrolls
 d - a scroll of identify {unknown}
 f - a scroll of vulnerability {unknown}
 g - a scroll of immolation {unknown}
Potions
 b - a potion of attraction {unknown}
 c - a potion of degeneration {unknown}
 e - 2 potions of flight {unknown}
 h - a potion of brilliance {unknown}
 j - a potion of heal wounds {unknown}


   Skills:
 + Level 3.8 Fighting
 + Level 3.0 Dodging
 + Level 2.6 Stealth
 + Level 4.1 Unarmed Combat


You had 2 spell levels left.
You didn't know any spells.
Your spell library was empty.

Dungeon Overview and Level Annotations

Branches:
Dungeon (2/15)

Altars:

Shops:
D:1 !


Innate Abilities, Weirdness & Mutations

You thrive by killing the living.
You are immune to poison.
You have sharp fingernails.
Your flesh is cold resistant. (rC+)
You are immune to negative energy. (rN+++)
You do not regenerate when monsters are visible.
You are immune to unholy pain and torment.


Message History

You are frozen.
You resist.
You scratch the kobold.
The kobold is severely wounded.
The kobold closely misses you. The endoplasm freezes you.
You are frozen.
You resist.
You barely miss the endoplasm. The kobold barely misses you.
You scratch the endoplasm but do no damage.
The endoplasm freezes you.
You are frozen.
You resist. The kobold hits you with a +0 whip.
You scratch the endoplasm. Your claw misses the endoplasm.
The endoplasm is severely wounded.
The endoplasm freezes you.
You are frozen.
You resist. The adder closely misses you.
You scratch the endoplasm.
You kill the endoplasm!
You feel better. The kobold hits you with a +0 whip.
The adder barely misses you.
You scratch the adder.
The adder is heavily wounded.
The kobold hits you with a +0 whip. The adder bites you.
You completely miss the adder.
The adder is heavily wounded.
The kobold closely misses you. The adder misses you.
You completely miss the adder.
The adder is heavily wounded.
The adder bites you.
* * * LOW HITPOINT WARNING * * *
The kobold closely misses you.
You closely miss the adder.
The adder is heavily wounded.
The adder misses you. The kobold barely misses you.
You scratch the adder but do no damage.
The adder is heavily wounded.
The adder closely misses you. The kobold hits you with a +0 whip.
* * * LOW HITPOINT WARNING * * *
You miss the adder.
The adder is heavily wounded.
The adder bites you.
You die...

#....#......###### 8...
#....#......######
##...##............>....
#.....##..###.....##.##.
.......#### #.....##..#.
........8# #.....###.##
.⌠.....## #.....# #..#
#.KS..######### #...
#.@...## #####...
#8....8# #...#.#.
#####...### #...#.#.
#.......#.####...#.#.
#.......#........#.#.
#.......######...#.#<
+<......# ##'##.##
#.......# #......
#.......##########...


You could see an adder and a kobold.

Vanquished Creatures
  2 adders (D:2)
  A worm (D:2)
  4 endoplasms
  2 giant cockroaches (D:1)
  2 goblins
  4 hobgoblins (D:1)
  3 jackals (D:1)
  A kobold (D:1)
  A ball python (D:1)
  8 bats (D:1)
  3 frilled lizards (D:1)
31 creatures vanquished.

Vanquished Creatures (others)
  2 fungi (D:1)
  3 plants (D:1)
5 creatures vanquished.

Grand Total: 36 creatures vanquished

Notes
Turn   | Place    | Note
-------+----------+-------------------------------------------
     0 | D:1      | Hantington the Ghoul Monk began the quest for the Orb.
     0 | D:1      | Reached XP level 1. HP: 19/19 MP: 0/0
    75 | D:1      | Reached XP level 2. HP: 26/26 MP: 1/1
   278 | D:1      | Found Ezesoc's Distillery.
   336 | D:1      | Found a faded altar of an unknown god.
   624 | D:1      | Reached XP level 3. HP: 32/33 MP: 2/2
  1346 | D:2      | Reached skill level 4 in Unarmed Combat
  1680 | D:2      | Slain by an adder

Illustrated notes

Levels and vault maps discovered:
D:1:      dpeg_arrival_round_a, layout_basic, serial_shops, shop, serial_rivers,
          chequers_serial_rivers_large_a, chequers_serial_rivers_micro_b,
          chequers_serial_rivers_micro_a, chequers_serial_rivers_large_b,
          chequers_serial_rivers_marsh, dreamdust_ecumenical_altar_grove
D:2:      layout_basic, serial_corexii_hall, corexii_hall_statues_l,
          chequers_hall_statues_y

Skill      XL: |  1  2  3 |
---------------+----------+-----
Dodging        | 3 |  3.0
Unarmed Combat | 4 |  4.1
Fighting       | |  3.8
Stealth        | |  2.6

Action                   || total
-------------------------++-------
Melee: Unarmed           ||    93
Evoke: Wand              ||     1
 Stab: Sleeping          ||     3
Armor: Robe              ||    30
Dodge: Dodged            ||    76
